 Dungeon Crawl Stone Soup version 0.25-a0-306-g3faca94807 (webtiles) character file.

Game seed: 6466058807584606107, levelgen mode: deterministic

4243 MoonlitKnight the Cleaver (level 10, -8/93 HPs)
             Began as a Hill Orc Fighter on Dec 21, 2019.
             Was a Priest of Beogh.
             Mangled by a crocodile (12 damage)
             ... on level 9 of the Dungeon.
             The game lasted 00:17:00 (8961 turns).

MoonlitKnight the Cleaver (Hill Orc Fighter)        Turns: 8961, Time: 00:17:00

Health: -8/93      AC: 12    Str: 23    XL:     10   Next: 30%
Magic:  14/14      EV: 11    Int:  8    God:    Beogh [***...]
Gold:   467        SH: 11    Dex: 10    Spells: 9/9 levels left

rFire    + . .     SeeInvis .   x - +3 mace (protect)
rCold    . . .     Gourm    .   c - +0 shield
rNeg     . . .     Faith    .   q - +3 scale mail {rF+}
rPois    .         Spirit   .   (no helmet)
rElec    .         Reflect  .   M - scarf {repulsion}
rCorr    .         Harm     .   C - +0 pair of gloves
MR       .....                  (no boots)
Stlth    ..........             (no amulet)
HPRegen  0.25/turn              y - +3 ring of evasion
MPRegen  0.14/turn              (no ring)

@: studying Fighting, repel missiles
A: no striking features
a: Smiting, Renounce Religion


You were on level 9 of the Dungeon.
You worshipped Beogh.
Beogh was most pleased with you.
You were not hungry.

You visited 1 branch of the dungeon, and saw 9 of its levels.

You collected 467 gold pieces.

Inventory:

Hand Weapons
 a - a +0 war axe
 l - a +1 vampiric whip
 p - a +0 hunting sling
 x - a +3 mace of protection (weapon)
Missiles
 h - 125 sling bullets
 k - 22 poisoned darts (quivered)
 G - 8 datura-tipped darts
Armour
 c - a +0 shield (worn)
 q - a +3 scale mail of fire resistance (worn)
 C - a +0 pair of gloves (worn)
 M - a scarf of repulsion (worn)
Jewellery
 o - a +2 ring of evasion
 y - a +3 ring of evasion (left hand)
 A - a +2 ring of evasion
 L - a +4 ring of intelligence {unknown}
Wands
 n - a wand of polymorph (4)
 s - a wand of digging (18)
 t - a wand of flame (7)
Scrolls
 g - 8 scrolls of teleportation
 i - 7 scrolls of amnesia
 m - a scroll of blinking
 u - 4 scrolls of identify
 w - 3 scrolls of enchant armour
 B - a scroll of enchant weapon
 J - 2 scrolls of remove curse
Potions
 b - a potion of heal wounds
 d - 2 potions of might
 e - a potion of haste
 j - 3 potions of degeneration
 r - a potion of flight
 v - 2 potions of berserk rage
 z - 2 potions of invisibility
 E - a potion of cancellation
 F - a potion of curing
Books
 D - a manual of Fighting
Miscellaneous
 H - a lamp of fire
Comestibles
 f - 10 rations


   Skills:
 + Level 9.9 Fighting
 * Level 11.4 Axes
 + Level 7.6 Armour
 + Level 7.6 Shields
 + Level 6.3 Invocations


You had 9 spell levels left.
You didn't know any spells.
Your spell library contained the following spells:

 Spells                   Type           Power        Failure   Level  Hunger
 Beastly Appendage        Tmut           #.....       95%         1    ##.....
 Sticks to Snakes         Tmut           #.......     98%         2    ###....
 Spider Form              Tmut/Pois      #.........   100%        3    ####...
 Ice Form                 Ice/Tmut       #.......     100%        4    #####..
 Blade Hands              Tmut           #.........   100%        5    ######.


Dungeon Overview and Level Annotations

Branches:
Dungeon (9/15)             Temple (0/1) D:7
   Lair: D:8-11         Orc: D:9-12

Altars:
Ashenzari
Hepliaklqana
Kikubaaqudgha
Ru
Trog
Vehumet
Xom
The Shining One


Message History

The crocodile is heavily wounded.
The crocodile bites you!
* * * LOW HITPOINT WARNING * * *
You hit the crocodile but do no damage.
The crocodile is heavily wounded.
The crocodile bites you.
* * * LOW HITPOINT WARNING * * *
The crocodile bites you.
* * * LOW HITPOINT WARNING * * *
You closely miss the crocodile.
The crocodile is heavily wounded.
The crocodile bites you!
* * * LOW HITPOINT WARNING * * *
You are starving!
You're too hungry.
The crocodile bites you but does no damage.
Okay, then.
You eat one of the 11 rations.
That ration really hit the spot!
The crocodile bites you!
You die...

..... . #...#
#.# ....♣. #...#
#.# ....# #...#
#.# ..l#
#...####.# #.
#Y(# #........#
#..###Y.#
#........#
........#
#...####.#
........####...#
#.#
##.......†.t@..#
#.#
#......#####..#
#.# #......#
#..# #.#
#......# #..#
#.# #......#
#..# #.#
#......# #..#
#.# #......#
#..# #.# #......
#..# #.#
#...##......#
#..####.#


You could see a crocodile.

Vanquished Creatures
  Pikel (D:5)
  Prince Ribbit (D:7)
  A hippogriff (D:8)
  6 yaks (D:9)
  Eustachio (D:6)
  Menkaure (D:4)
  Duvessa (D:7)
  An orc warrior (D:8)
  A slave (D:4)
  A black bear (D:8)
  2 ice beasts
  2 ogres
  A centaur (D:5)
  A crocodile (D:9)
  3 bullfrogs
  Blork the orc (D:4)
  A big kobold (D:9)
  Dowan (D:7)
  A scorpion (D:7)
  A howler monkey (D:4)
  3 crimson imps
  A centaur zombie (D:4)
  Crazy Yiuf (D:2)
  2 hounds
  2 orc priests (D:3)
  5 centaur skeletons
  6 iguanas
  Natasha (thrice) (D:2)
  4 orc wizards
  4 worker ants
  2 hound zombies
  2 worker ant zombies
  8 adders
  An ooze (D:5)
  A worm (D:4)
  2 dart slugs
  4 leopard geckos
  24 orcs
  2 giant cockroaches (D:1)
  11 goblins
  2 hobgoblins (D:1)
  10 jackals
  7 quokkas
  8 bats
  5 frilled lizards
  A jackal skeleton (D:7)
  7 kobolds
  A leopard gecko zombie (D:8)
  A quokka skeleton (D:4)
  5 rats (D:1)
  A bush (D:2)
  A fungus (D:2)
166 creatures vanquished.

Vanquished Creatures (others)
  A wizard (D:3)
  An orc priest (D:3)
  An iguana (D:5)
  9 orcs
  A bat (D:3)
  A goblin (D:3)
  3 fungi (D:9)
  16 plants (D:9)
33 creatures vanquished.

Grand Total: 199 creatures vanquished

Notes
Turn   | Place    | Note
-------+----------+-------------------------------------------
     0 | D:1      | MoonlitKnight the Hill Orc Fighter began the quest for the
                  | Orb.
     0 | D:1      | Reached XP level 1. HP: 19/19 MP: 1/1
   163 | D:1      | Reached skill level 3 in Axes
   188 | D:1      | Reached XP level 2. HP: 27/27 MP: 2/2
   474 | D:1      | Reached XP level 3. HP: 33/33 MP: 3/3
   943 | D:2      | Found a faded altar of an unknown god.
  1059 | D:2      | Noticed Natasha
  1076 | D:2      | Killed Natasha
  1076 | D:2      | Reached skill level 4 in Axes
  1076 | D:2      | Reached XP level 4. HP: 14/40 MP: 4/4
  1308 | D:2      | Noticed Natasha
  1325 | D:2      | Killed Natasha
  1495 | D:2      | Noticed Natasha
  1510 | D:2      | Killed Natasha
  1510 | D:2      | Reached XP level 5. HP: 28/47 MP: 5/5
  1903 | D:2      | Found a runed translucent door.
  1905 | D:2      | Noticed Crazy Yiuf
  1926 | D:2      | Killed Crazy Yiuf
  2246 | D:3      | Found a bloodstained altar of Trog.
  2247 | D:3      | Noticed a wizard
  2252 | D:3      | Killed a wizard
  2311 | D:3      | Became a worshipper of Beogh the Brigand
  2328 | D:3      | Reached skill level 5 in Axes
  2747 | D:3      | Reached XP level 6. HP: 53/53 MP: 6/6
  2826 | D:3      | Reached * piety under Beogh
  3369 | D:4      | Reached skill level 5 in Fighting
  3419 | D:4      | HP: 2/56 [iguana (11)]
  3763 | D:4      | Noticed Blork the orc
  3775 | D:4      | Killed Blork the orc
  3775 | D:4      | Reached skill level 6 in Axes
  3929 | D:4      | Noticed Menkaure
  3938 | D:4      | Killed Menkaure
  3938 | D:4      | Reached XP level 7. HP: 7/61 MP: 7/7
  4309 | D:4      | Reached skill level 5 in Shields
  4321 | D:4      | Reached skill level 5 in Armour
  4359 | D:4      | Reached skill level 7 in Axes
  4453 | D:4      | Reached skill level 1 in Invocations
  4495 | D:5      | Entered Level 5 of the Dungeon
  4729 | D:5      | Reached XP level 8. HP: 36/70 MP: 9/9
  4908 | D:5      | Noticed Pikel
  4937 | D:5      | Killed Pikel
  4937 | D:5      | Reached skill level 8 in Axes
  5129 | D:5      | Found a radiant altar of Vehumet.
  5252 | D:5      | Found an ancient bone altar of Kikubaaqudgha.
  5376 | D:5      | Reached ** piety under Beogh
  5914 | D:6      | Reached skill level 9 in Axes
  6080 | D:6      | Reached XP level 9. HP: 79/79 MP: 11/11
  6234 | D:6      | Noticed Eustachio
  6256 | D:6      | Killed Eustachio
  6621 | D:7      | Found a sacrificial altar of Ru.
  6826 | D:7      | Found a staircase to the Ecumenical Temple.
  6871 | D:7      | Noticed Duvessa
  6871 | D:7      | Noticed Dowan
  6886 | D:7      | Killed Duvessa
  6896 | D:7      | Killed Dowan
  6896 | D:7      | Reached skill level 10 in Axes
  7266 | D:7      | Found a hazy altar of Hepliaklqana.
  7267 | D:7      | Found a shimmering altar of Xom.
  7268 | D:7      | Noticed a spectral ugly thing
  7273 | D:7      | Noticed Prince Ribbit
  7347 | D:7      | Killed Prince Ribbit
  7347 | D:7      | Reached skill level 5 in Invocations
  7738 | D:7      | Found a glowing golden altar of the Shining One.
  8107 | D:8      | Found a shattered altar of Ashenzari.
  8807 | D:9      | Reached *** piety under Beogh
  8807 | D:9      | Reached XP level 10. HP: 89/91 MP: 14/14
  8879 | D:9      | Reached skill level 11 in Axes
  8956 | D:9      | HP: 3/93 [crocodile (8)]
  8961 | D:9      | Mangled by a crocodile

Levels and vault maps discovered:
D:1:      evilmike_arrival_plus, layout_loops_ring
D:2:      layout_loops_ring, chequers_ecumenical_altar_island,
          uniq_crazy_yiuf_cottage, uniq_natasha
D:3:      layout_loops_ring, first_ration, trog_wizard
D:4:      layout_loops_ring, chequers_jeans, serial_park_tiny_pond,
          fountainhead, columned_hall_lemuel, minmay_misc_feat_ornament,
          minivault_27, minmay_manual_moon, uniq_blork_the_orc, uniq_menkaure
D:5:      layout_basic, overflow_temple_1_default, basic_altar, uniq_pikel
D:6:      layout_gridville, uniq_eustachio
D:7:      layout_basic, regret_index_temple_of_mockery,
          lemuel_coloured_pillars_altar, nicolae_ru_awakened_eye,
          minmay_temple_entry_butterflies, uniq_duvessa, uniq_prince_ribbit1
D:8:      layout_basic, grunt_temple_overflow_open, basic_altar, serial_shops,
          shop
D:9:      cheibrodos_two_vegetables, layout_long_grid, minmay_lair_entry_grove,
          uniq_maurice, uniq_joseph

Skill      XL: |  1  2  3  4  5  6  7  8  9 10 |
---------------+-------------------------------+-----
Axes           | 3 4 5 6 7 9 10 11 | 11.4
Fighting       | 4 5 6 7 9 |  9.9
Armour         | 4 5 6 7 |  7.6
Shields        | 4 5 6 7 |  7.6
Invocations    | 1 3 5 6 |  6.3

Action                   |  1- 3 |  4- 6 |  7- 9 | 10-12 || total
-------------------------+-------+-------+-------+-------++-------
Melee: War axe           |    57 |       |       |       ||    57
       Whip              |    49 |   417 |       |       ||   466
       Mace              |       |    19 |   549 |   104 ||   672
Invok: Convert to Beogh  |       |     1 |       |       ||     1
       Smiting           |       |       |     1 |       ||     1
  Use: Scroll            |       |       |    11 |       ||    11
       Potion            |       |       |     6 |       ||     6
  Eat: Chunk             |     1 |     8 |     7 |       ||    16
       Ration            |       |       |     3 |     1 ||     4
Armor: Scale mail        |    40 |    89 |   321 |    24 ||   474
Dodge: Dodged            |    36 |    62 |   262 |    25 ||   385
       Deflected         |     1 |     6 |     3 |       ||    10
Block: Shield            |    63 |   115 |   349 |    48 ||   575

Table legend:
 A = Non-vault XP
 B = Vault XP
 C = Vault XP percentage of total XP
 D = Non-vault monster count
 E = Vault monster count
 F = Vault count percentage of total count
                 A         B        C        D         E       F
            +---------+---------+-------+---------+---------+-------
      Total |    2725 |    3337 |  55.0 |     140 |      24 |  14.6
            +---------+---------+-------+---------+---------+-------
        D:1 |      38 |       0 |   0.0 |      23 |       0 |   0.0
        D:2 |     109 |      79 |  42.0 |      11 |       2 |  15.4
        D:3 |     174 |       0 |   0.0 |      27 |       0 |   0.0
        D:4 |     287 |     446 |  60.8 |      12 |       7 |  36.8
        D:5 |     283 |     651 |  69.7 |      14 |       1 |   6.7
        D:6 |     351 |     202 |  36.5 |      19 |       1 |   5.0
        D:7 |     524 |     515 |  49.6 |      16 |       3 |  15.8
        D:8 |     783 |       0 |   0.0 |      12 |       0 |   0.0
        D:9 |     176 |    1444 |  89.1 |       6 |      10 |  62.5
            +---------+---------+-------+---------+---------+-------
